 Dungeon Crawl Stone Soup version 0.17-a0-411-gd4fac0c (webtiles) character file.

6509 Gunnerkreig the Thaumaturge (level 10, -1/50 HPs)
             Began as a Deep Elf Fire Elementalist on Apr 2, 2015.
             Was a Believer of Vehumet.
             Slain by an orc knight
             ... wielding a +0 war axe
              (7 damage)
             ... in a bailey.
             The game lasted 02:12:39 (10466 turns).

Gunnerkreig the Thaumaturge (DEFE)                 Turns: 10466, Time: 02:12:39

Health: -1/50      AC:  8    Str:  5    XL:     10   Next: 69%
Magic:  6/35       EV: 13    Int: 24    God:    Vehumet [**....]
Gold:   400        SH:  0    Dex: 18    Spells: 9 memorised, 10 levels left

rFire  + . .     SeeInvis +     r - +7 hammer of Nungyax {crush, Dex+3 SInv}
rCold  x . .     Clarity  .     a - +0 robe
rNeg   . . .     SustAb   .     (no shield)
rPois  .         Gourm    .     (no helmet)
rElec  .         Spirit   .     s - +2 cloak
rCorr  .         Warding  .     n - +0 pair of gloves
rMut   .         Rnd*Tele +     p - +1 pair of boots {run}
MR     +....                    (no amulet)
Stlth  ++........               R - ring of magical power
                                J - ring of fire

@: quick, somewhat resistant to hostile enchantments, unstealthy
A: teleportitis 1
a: Renounce Religion


You were in a bailey.
You worshipped Vehumet.
Vehumet was pleased with you.
You were not hungry.

You visited 2 branches of the dungeon, and saw 11 of its levels.
You also visited: Bailey.

You collected 490 gold pieces.
You spent 90 gold pieces at shops.

Inventory:

Hand weapons
 e - a +3 vampiric dagger
 q - a +4 quarterstaff of chaos
 r - the +7 hammer of Nungyax (weapon) {crush, Dex+3 SInv}
   (You found it on level 4 of the Dungeon)

   It inflicts extra damage upon your enemies.
   It affects your dexterity (+3).
   It enhances your eyesight.
 u - a +1 long sword of holy wrath
 y - a +1 morningstar of holy wrath
 E - a +0 falchion of slicing
 P - a +1 scimitar of holy wrath
 Q - a +3 dagger of electrocution
Armour
 a - a +0 robe (worn)
 n - a +0 pair of gloves (worn)
 p - a +1 pair of boots of running (worn)
 s - a +2 cloak (worn)
 w - a +0 buckler
 M - a troll hide
Magical staves
 t - an uncursed staff of wizardry
Jewellery
 g - an uncursed ring of poison resistance
 J - a ring of fire (left hand)
 R - a ring of magical power (right hand)
Magical devices
 o - a wand of random effects (21)
 x - a wand of digging (17)
 z - a wand of disintegration (5)
 C - a wand of flame (14)
 D - a wand of confusion (16)
 G - a wand of digging (8)
 H - a wand of fireball (4)
 K - a wand of paralysis (4)
Scrolls
 f - 4 scrolls of teleportation
 h - 4 scrolls of remove curse
 j - a scroll of blinking {unknown}
 m - a scroll of immolation
 B - 2 scrolls of identify
 N - a scroll of enchant weapon
Potions
 i - a potion of lignification
 k - 7 potions of curing
 F - a potion of brilliance
 L - a potion of restore abilities
Books
 b - a book of Flames

   Spells                             Type                      Level
   a - Flame Tongue                   Conjuration/Fire             1
   b - Throw Flame                    Conjuration/Fire             2
   c - Conjure Flame                  Conjuration/Fire             3
   d - Inner Flame                    Hexes/Fire                   3
   e - Sticky Flame                   Conjuration/Fire             4
   f - Fireball                       Conjuration/Fire             5
 v - a book of Alchemy

   Spells                             Type                      Level
   a - Sublimation of Blood           Necromancy                   2
   b - Alistair's Intoxication        Transmutation/Poison         4
   c - Condensation Shield            Ice                          4
   d - Petrify                        Transmutation/Earth          4
   e - Ignite Poison                  Fire/Transmutation           5
   f - Irradiate                      Conjuration/Transmutation    5
 A - a book of Callings

   Spells                             Type                      Level
   a - Summon Small Mammal            Summoning                    1
   b - Call Imp                       Summoning                    2
   c - Call Canine Familiar           Summoning                    3
   d - Summon Guardian Golem          Hexes/Summoning              3
   e - Summon Lightning Spire         Summoning/Air                4
   f - Summon Ice Beast               Ice/Summoning                4
Comestibles
 c - 6 meat rations
 d - a slice of pizza
 l - 5 bread rations
 I - a royal jelly
 O - 2 beef jerkies
 S - 11 chunks of flesh


   Skills:
 + Level 0.4 Short Blades
 * Level 3.9 Maces & Flails
 - Level 2.5 Dodging
 - Level 2.5 Stealth
 + Level 14.2 Spellcasting
 - Level 5.6 Conjurations
 * Level 10.5 Fire Magic


You had 10 spell levels left.
You knew the following spells:

 Your Spells              Type           Power        Failure   Level  Hunger
a - Flame Tongue          Conj/Fire      #####        1%          1    None
b - Throw Flame           Conj/Fire      ######       1%          2    None
c - Conjure Flame         Conj/Fire      ######..     1%          3    None
d - Sticky Flame          Conj/Fire      ######..     1%          4    None
e - Summon Guardian Gole  Hex/Summ       ###.....     12%         3    None
f - Call Canine Familiar  Summ           ###.....     12%         3    None
g - Fireball              Conj/Fire      ######....   3%          5    ##.....
h - Ignite Poison         Fire/Trmt      ######....   14%         5    ##.....
i - Freeze                Ice            #...         3%          1    None


Dungeon Overview and Level Annotations

Branches:
Dungeon (10/15)            Temple (1/1) D:7
   Lair: D:8-11         Orc: D:9-12

Altars:
Ashenzari
Cheibriados
Dithmenos
Elyvilon
Fedhas
Gozag
Kikubaaqudgha
Makhleb
Nemelex Xobeh
Okawaru
Qazlal
Ru
Sif Muna
Trog
Vehumet
Xom
Yredelemnul
Zin
The Shining One

Shops:
D:4 :   D:5 =   D:8 *


Innate Abilities, Weirdness & Mutations

Space occasionally distorts in your vicinity.


Message History

You feel a surge of power!
The flame tongue hits the orc knight.
The orc knight is severely wounded.
Casting: Flame Tongue
Confirm with . or Enter, or press ? or * to list all spells.
Aiming: Flame Tongue
Press: ? - help, Shift-Dir - straight line, f/p - orc knight
Aim: an orc knight, wielding a war axe and wearing a plate armour (severely wounded)
You feel a surge of power!
The flame tongue hits the orc knight.
The orc knight appears unharmed.
The orc knight is severely wounded.
Casting: Flame Tongue
Confirm with . or Enter, or press ? or * to list all spells.
Aiming: Sticky Flame
Press: ? - help, Shift-Dir - straight line, f/p - orc knight
Aim: an orc knight, wielding a war axe and wearing a plate armour (severely wounded)
You feel a surge of power!
The sticky flame hits the orc knight.
The orc knight is severely wounded.
The orc knight is covered in liquid flames!
The orc knight burns!
The orc knight hits you with a war axe!
You die...

.......#......)....#
......o')...)).....# 8
..∩.∩..'.....⌠.....#
.......'...........#
.......#.......)...#
♣......##.........###
###
.......♣###.....###.###
###.# ♣♣..♣♣♣♣
###.#'#.....### ###....
♣♣♣♣
###.@)....).###......
#..o........#.......
#..)........#.......
#..)..⌠.....#.....⌠.
#...........§)).....
#...).......#.).....
##)........###......
###.....### ###.)))
###.### ###)#


You could see an orc knight (burning).

Vanquished Creatures
  Maud (D:9)
  The ghost of Kujata the Fighter, an experienced MiFi of Okawaru (D:6)
  An ugly thing (D:8)
  A troll (D:9)
  A spriggan (D:7)
  5 yaks (D:8)
  A hungry ghost (D:10)
  An ice beast (D:8)
  5 orc warriors
  5 ogres
  4 centaurs
  2 sky beasts
  A gnoll sergeant (D:8)
  4 giant frogs
  2 scorpions
  2 vampire bats (D:3)
  A goliath beetle (D:3)
  A crimson imp (D:8)
  A jelly (D:5)
  6 giant frog zombies
  9 hounds
  Crazy Yiuf (D:4)
  3 orc priests
  An iguana (D:6)
  6 orc wizards
  6 worker ants
  A hound zombie (D:6)
  A hound skeleton (D:7)
  3 adders
  8 gnolls
  2 giant mites
  A worm (D:5)
  An adder skeleton (D:6)
  2 adder zombies
  29 orcs
  16 bats
  6 bat skeletons
  2 bat zombies (D:3)
  6 giant cockroaches
  25 goblins
  22 hobgoblins
  9 kobolds
  3 quokkas
  2 ball pythons
  3 giant geckos
  A giant gecko skeleton (D:5)
  A giant gecko zombie (D:5)
  7 giant newts
  2 giant spores
  3 quokka skeletons
  7 rats
  A ballistomycete (D:7)
  2 plants (D:6)
238 creatures vanquished.

Vanquished Creatures (others)
  A hound (Bailey)
1 creature vanquished.

Grand Total: 239 creatures vanquished

Notes
Turn   | Place    | Note
--------------------------------------------------------------
     0 | D:1      | Gunnerkreig, the Deep Elf Fire Elementalist, began the quest for the Orb.
     0 | D:1      | Reached XP level 1. HP: 10/10 MP: 6/6
    76 | D:1      | Reached XP level 2. HP: 7/15 MP: 2/7
   246 | D:1      | Reached skill level 4 in Spellcasting
   288 | D:1      | Learned a level 2 spell: Throw Flame
   662 | D:1      | Reached XP level 3. HP: 19/19 MP: 2/9
   872 | D:2      | Reached skill level 5 in Spellcasting
  1298 | D:2      | Learned a level 2 spell: Throw Flame
  1357 | D:2      | Learned a level 3 spell: Conjure Flame
  1803 | D:3      | Found an ancient bone altar of Kikubaaqudgha.
  1807 | D:3      | Reached skill level 6 in Spellcasting
  1807 | D:3      | Reached XP level 4. HP: 21/24 MP: 5/12
  1968 | D:3      | Reached skill level 7 in Spellcasting
  1968 | D:3      | Reached XP level 5. HP: 28/28 MP: 3/14
  2217 | D:3      | Reached skill level 8 in Spellcasting
  2262 | D:4      | Found a shimmering altar of Xom.
  2262 | D:4      | Found a blossoming altar of Fedhas.
  2275 | D:4      | Found a glowing golden altar of the Shining One.
  2283 | D:4      | Found a stormy altar of Qazlal.
  2684 | D:4      | Found Zin's Purification Station.
  2685 | D:4      | Found a glowing silver altar of Zin.
  2690 | D:4      | Bought a potion of curing for 90 gold pieces
  2776 | D:4      | Reached XP level 6. HP: 21/32 MP: 6/16
  2857 | D:4      | Identified a +0 pair of boots of running (You found it on level 4 of the Dungeon)
  2953 | D:4      | Noticed Crazy Yiuf
  2960 | D:4      | Killed Crazy Yiuf
  3005 | D:4      | Got a jewelled hammer
  3006 | D:4      | Identified the +7 hammer of Nungyax {crush, Dex+3 SInv} (You found it on level 4 of the Dungeon)
  3045 | D:4      | Found Okhuvul's Book Boutique.
  3064 | D:4      | Noticed an ogre
  3072 | D:4      | Killed an ogre
  3072 | D:4      | Reached skill level 9 in Spellcasting
  3377 | D:5      | Entered Level 5 of the Dungeon
  3442 | D:5      | Found an opulent altar of Gozag.
  3487 | D:5      | Reached skill level 10 in Spellcasting
  3487 | D:5      | Reached XP level 7. HP: 36/36 MP: 0/19
  3780 | D:5      | Found Fonujime's Jewellery Emporium.
  4101 | D:5      | Reached skill level 11 in Spellcasting
  4504 | D:5      | Reached XP level 8. HP: 41/41 MP: 12/21
  4536 | D:5      | Learned a level 4 spell: Sticky Flame
  4548 | D:5      | Gained mutation: Space occasionally distorts in your vicinity. [mutagenic meat]
  4859 | D:6      | Noticed Kujata's ghost (experienced MiFi)
  4888 | D:6      | Killed Kujata's ghost
  4888 | D:6      | Reached skill level 1 in Maces & Flails
  4888 | D:6      | Reached skill level 12 in Spellcasting
  4888 | D:6      | Reached skill level 5 in Fire Magic
  5053 | D:6      | Found a glowing silver altar of Zin.
  5257 | D:6      | Reached XP level 9. HP: 30/45 MP: 3/23
  5584 | D:6      | Learned a level 3 spell: Summon Guardian Golem
  5594 | D:6      | Learned a level 3 spell: Call Canine Familiar
  5785 | D:6      | Reached skill level 5 in Conjurations
  6047 | D:7      | Found an ancient bone altar of Kikubaaqudgha.
  6488 | D:7      | Found a staircase to the Ecumenical Temple.
  6505 | Temple   | Entered the Ecumenical Temple
  6553 | Temple   | Became a worshipper of Vehumet
  7149 | D:7      | Learned a level 5 spell: Fireball
  7155 | D:7      | Learned a level 5 spell: Ignite Poison
  7296 | D:8      | Noticed a purple ugly thing
  7303 | D:8      | Killed a purple ugly thing
  7360 | D:8      | Reached skill level 13 in Spellcasting
  7558 | D:8      | Found Caizunk's General Store.
  7844 | D:4      | Upgraded the game from 0.17-a0-389-g4a39274 to 0.17-a0-411-gd4fac0c
  8230 | D:8      | Reached XP level 10. HP: 32/50 MP: 3/25
  8556 | D:8      | Acquired Vehumet's first power
  8556 | D:8      | Offered knowledge of Sandblast by Vehumet.
  8652 | D:8      | Found a blossoming altar of Fedhas.
  9829 | D:10     | Entered Level 10 of the Dungeon
  9854 | D:10     | Noticed Maud
  9914 | D:9      | Killed Maud
  9914 | D:9      | Reached skill level 14 in Spellcasting
  9914 | D:9      | Reached skill level 10 in Fire Magic
 10056 | D:10     | Found a flagged portal.
 10118 | Bailey   | Entered a bailey
 10242 | Bailey   | Offered knowledge of Freeze by Vehumet.
 10262 | Bailey   | Learned a level 1 spell: Freeze
 10379 | Bailey   | Noticed an orc knight
 10425 | Bailey   | Noticed an orc warlord
 10466 | Bailey   | Slain by an orc knight

Action                   |  1- 3 |  4- 6 |  7- 9 | 10-12 || total
-------------------------+-------+-------+-------+-------++-------
Melee: Unarmed           |     1 |       |       |       ||     1
       Dagger            |    19 |     8 |       |       ||    27
       Hammer            |       |       |    58 |     1 ||    59
       Morningstar       |       |       |     2 |       ||     2
 Cast: Flame Tongue      |    51 |    59 |   185 |    99 ||   394
       Throw Flame       |    19 |    20 |    59 |    27 ||   125
       Conjure Flame     |       |     5 |    12 |    10 ||    27
       Sticky Flame      |       |       |    13 |    12 ||    25
       Call Canine Famil |       |       |     3 |     1 ||     4
       Summon Guardian G |       |       |     2 |       ||     2
       Fireball          |       |       |       |     9 ||     9
Evoke: Wand              |       |       |       |     1 ||     1
  Use: Scroll            |     8 |     3 |     7 |     2 ||    20
       Potion            |     5 |     1 |     8 |     4 ||    18
  Eat: Bread ration      |     2 |       |     1 |       ||     3
       Chunk             |     1 |     1 |     9 |     5 ||    16
       Meat ration       |       |     1 |       |       ||     1
